 Dungeon Crawl Stone Soup version 0.24-a0-580-g6a6c3f83c1 (webtiles) character file.

Game seed: 16605568748010803478

362 Mithandil the Shield-Bearer (level 6, -21/53 HPs)
             Began as a Minotaur Fighter on Aug 22, 2019.
             Demolished by a dream sheep (26 damage)
             ... on level 8 of the Dungeon.
             The game lasted 00:13:11 (2129 turns).

Mithandil the Shield-Bearer (Minotaur Fighter)      Turns: 2129, Time: 00:13:12

Health: -21/53     AC:  7    Str: 23    XL:     6   Next: 39%
Magic:  5/5        EV:  9    Int:  5    God:
Gold:   108        SH:  0    Dex:  9    Spells: 5/5 levels left

rFire    + . .     SeeInvis .   E - +2 falchion (flame)
rCold    . . .     Gourm    .   c - +0 shield
rNeg     . . .     Faith    .   m - +0 scale mail
rPois    .         Spirit   .   (helmet restricted)
rElec    .         Reflect  .   (no cloak)
rCorr    .         Harm     .   (no gloves)
MR       .....                  (no boots)
Stlth    ..........             (no amulet)
HPRegen  0.17/turn              e - ring of protection from fire
MPRegen  0.09/turn              A - ring of wizardry

@: sleeping
A: retaliatory headbutt, horns 2
a: no special abilities


You were on level 8 of the Dungeon.
You were not hungry.

You visited 1 branch of the dungeon, and saw 6 of its levels.

You collected 108 gold pieces.

Inventory:

Hand Weapons
 b - a +0 hunting sling
 E - a +2 falchion of flaming (weapon)
Missiles
 k - 67 stones (quivered)
 n - 59 bolts
Armour
 c - a +0 shield (worn)
 m - a +0 scale mail (worn)
 D - a +0 ring mail of cold resistance
Jewellery
 e - a ring of protection from fire (left hand)
 A - a ring of wizardry (right hand)
Wands
 w - a wand of digging (3)
Scrolls
 g - 2 scrolls of immolation {unknown}
 h - 2 scrolls of identify
 j - a scroll of remove curse {unknown}
 o - 3 scrolls of teleportation {unknown}
 t - 2 scrolls of magic mapping {unknown}
 u - 2 scrolls of enchant armour {unknown}
 y - 3 scrolls of blinking {unknown}
Potions
 d - 2 potions of might
 i - 2 potions of curing {unknown}
 p - a potion of degeneration {unknown}
 r - a potion of agility {unknown}
 s - 2 potions of mutation {unknown}
 x - 3 potions of brilliance {unknown}
 z - 2 potions of invisibility {unknown}
 B - a potion of lignification {unknown}
 C - a potion of heal wounds {unknown}
Comestibles
 f - 9 rations
 v - 8 chunks of flesh


   Skills:
 + Level 4.5 Fighting
 * Level 4.5 Long Blades
 + Level 2.1 Throwing
 + Level 4.5 Armour
 + Level 2.2 Dodging
 * Level 5.3 Shields


You had 5 spell levels left.
You didn't know any spells.
Your spell library contained the following spells:

 Spells                   Type           Power        Failure   Level  Hunger
 Cause Fear               Hex            #.........   100%        4    #####..
 Silence                  Hex/Air        #.........   100%        5    ######.
 Yara's Violent Unravell  Hex/Tmut       #.........   100%        5    ######.
 Deflect Missiles         Chrm/Air       #.........   100%        6    #######
 Discord                  Hex            #.........   100%        8    #######


Dungeon Overview and Level Annotations

Branches:
Dungeon (5/15)
 Temple: D:4-7

Altars:
Elyvilon
Xom


Innate Abilities, Weirdness & Mutations

You reflexively headbutt those who attack you in melee.
You have a pair of horns on your head.


Message History

You drop a hand axe.
A yak comes into view.
The dream sheep shake their wool and sparkle.
You feel drowsy...
You fall asleep.
The yak bellows!
The big kobold hits you but does no damage.
The big kobold hits you with a +0 dagger.
You wake up.
* * * LOW HITPOINT WARNING * * *
You closely miss the dream sheep.
You headbutt the dream sheep, but do no damage.
The dream sheep bites you!
* * * LOW HITPOINT WARNING * * *
You hit the dream sheep. You burn the dream sheep.
The dream sheep is moderately wounded.
The dream sheep shake their wool and sparkle.
You feel drowsy...
You fall asleep.
The dream sheep bites you but does no damage.
The dream sheep bites you!!
You die...

#.....
#+###'''##
#.≈P%%...#
#P≈≈..P%.#
#≈≈P.....#
#P≈..Y...#
#PP≈KYY≈.#
#Y### #@#'#
#.#'##
#....#
##...#
#...###.###
#...'......
#...#######
#...# #...#


You could see 2 yaks, a big kobold and 2 dream sheep.

Vanquished Creatures
  A big kobold (D:8)
  A scorpion (D:5)
  A crimson imp (D:5)
  A hound (D:5)
  An orc wizard (D:5)
  An iguana (D:5)
  A worker ant (D:5)
  3 adders (D:2)
  An ooze (D:2)
  A worm (D:2)
  A dart slug (D:2)
  A leopard gecko (D:1)
  4 orcs (D:5)
  4 giant cockroaches
  6 goblins
  7 hobgoblins
  A jackal (D:3)
  A quokka (D:5)
  3 ball pythons
  8 bats
  8 frilled lizards
  9 kobolds
  5 rats
70 creatures vanquished.

Notes
Turn   | Place    | Note
-------+----------+-------------------------------------------
     0 | D:1      | Mithandil the Minotaur Fighter began the quest for the Orb.
     0 | D:1      | Reached XP level 1. HP: 19/19 MP: 0/0
   197 | D:2      | Reached XP level 2. HP: 27/27 MP: 1/1
   221 | D:2      | Reached skill level 4 in Shields
   235 | D:2      | Reached XP level 3. HP: 9/33 MP: 2/2
   529 | D:2      | Reached skill level 1 in Dodging
   531 | D:2      | Reached skill level 1 in Throwing
   976 | D:2      | Found a white marble altar of Elyvilon.
  1107 | D:1      | Reached XP level 4. HP: 40/40 MP: 3/3
  1719 | D:2      | Found a shimmering altar of Xom.
  1840 | D:5      | Entered Level 5 of the Dungeon
  1939 | D:5      | Reached XP level 5. HP: 46/46 MP: 4/4
  2023 | D:5      | Reached skill level 5 in Shields
  2087 | D:5      | Reached XP level 6. HP: 17/53 MP: 5/5
  2088 | D:5      | You fall into a shaft and drop 3 floors!
  2116 | D:8      | Noticed a yak
  2116 | D:8      | Noticed a dream sheep
  2119 | D:8      | Noticed a dream sheep
  2121 | D:8      | Noticed a yak
  2129 | D:8      | Demolished by a dream sheep

Levels and vault maps discovered:
D:1:      minmay_arrival_hallway, layout_basic, minivault_5
D:2:      layout_rooms, lemuel_crystal_altar, serial_bayou_pond_d,
          palyth_stone_intersect, tgw_xom
D:3:      layout_loops_corners, okawaru_ov_weapons_minmay, serial_rivers,
          chequers_serial_rivers_micro_c, chequers_serial_rivers_micro_c,
          chequers_serial_rivers_micro_c, chequers_serial_rivers_micro_e,
          minmay_misc_feat_columns
D:4:      layout_basic, old_standard_altar, minmay_temple_entry_ruins,
          gammafunk_ghost_necromancy, first_ration, tso_altar
D:5:      layout_layer_cave, grunt_temple_overflow_open,
          nicolae_ossuary_entry_false_entrances, uniq_eustachio,
          uniq_crazy_yiuf_cottage
D:8:      layout_basic, hangedman_ranch [blue_anna_fruit_fields], uniq_pikel,
          uniq_maurice, uniq_prince_ribbit1

Skill      XL: |  1  2  3  4  5 |
---------------+----------------+-----
Long Blades    | 3 4 |  4.5
Shields        | 4 5 |  5.3
Armour         | 4 |  4.5
Dodging        | 1 2 |  2.2
Throwing       | 1 2 |  2.1
Fighting       | 4 |  4.5

Action                   |  1- 3 |  4- 6 || total
-------------------------+-------+-------++-------
Melee: Long sword        |    77 |   112 ||   189
       Headbutt          |     7 |    26 ||    33
       Falchion          |       |     2 ||     2
  Use: Scroll            |       |     2 ||     2
  Eat: Chunk             |       |     4 ||     4
Armor: Scale mail        |    41 |    38 ||    79
Dodge: Dodged            |    25 |    48 ||    73
Block: Shield            |    56 |    64 ||   120
       Rpst.: Long sword |     3 |    11 ||    14

Table legend:
 A = Non-vault XP
 B = Vault XP
 C = Vault XP percentage of total XP
 D = Non-vault monster count
 E = Vault monster count
 F = Vault count percentage of total count
                 A         B        C        D         E       F
            +---------+---------+-------+---------+---------+-------
      Total |     407 |     111 |  21.4 |      62 |       8 |  11.4
            +---------+---------+-------+---------+---------+-------
        D:1 |      34 |       0 |   0.0 |      25 |       0 |   0.0
        D:2 |      87 |      11 |  11.2 |      24 |       7 |  22.6
        D:3 |       4 |       0 |   0.0 |       2 |       0 |   0.0
        D:5 |     282 |       0 |   0.0 |      11 |       0 |   0.0
        D:8 |       0 |     100 | 100.0 |       0 |       1 | 100.0
            +---------+---------+-------+---------+---------+-------
